 Dungeon Crawl Stone Soup version 0.31-a0-1147-g46bab52692 (webtiles) character file.

Game seed: 17592979722019443858

508887 Bnni the Slayer (level 24, -3/233 HPs)
             Began as a Minotaur Fighter on Dec 6, 2023.
             Was an Initiate of Yredelemnul.
             Slain by a rockslime (46 damage)
             ... created by the Royal Jelly
             ... on level 5 of the Pits of Slime on Dec 7, 2023.
             The game lasted 02:37:02 (49732 turns).

Bnni the Slayer (Minotaur Fighter)                 Turns: 49732, Time: 02:37:03

Health: -3/233     AC:  8    Str: 26    XL:     24   Next: 26%
Magic:  36/36      EV: 18    Int:  7    God:    Yredelemnul [......]
Gold:   5244       SH: 25    Dex: 13    Spells: 23/23 levels left

rFire   + + +        s - +8 demon trident (flame)
rCold   . . .        I - +0 tower shield
rNeg    . . .        o - +2 plate armour {rF+}
rPois   +            L - +2 hood of the Assassin {Detect Stab+ Stlth++}
rElec   .            V - +2 cloak
rCorr   .            R - +2 pair of gloves "Meuz" {rPois Regen+ Str+2 Dex-4}
SInv    .            F - +2 pair of slick slippers {slick, slippery, EV+4}
Will    +....        M - amulet "Duoxko Guxt" {Reflect Regen+ SH+5} Stlth
                     e - ring of protection from fire
HPRegen 2.18/turn    X - ring of Xuyrchast {rF+ Int+2}
MPRegen 0.25/turn

%: reflection
@: studying Summonings, corroded
A: horns 2, retaliatory headbutt, clumsy 1, no potion heal 1
}: 2/15 runes: barnacled, gossamer
a: Renounce Religion, Recall Undead Harvest


You were on level 5 of the Pits of Slime.
You worshipped Yredelemnul.
Yredelemnul was greatly pleased with you.
You visited 9 branches of the dungeon, and saw 46 of its levels.
You also visited: Ossuary and Bailey.

You collected 6698 gold pieces.
You spent 1454 gold pieces at shops.

Inventory:

Hand Weapons
 s - a +8 demon trident of flaming (weapon)
 G - the +7 short sword of the Ass {flame, rC+}
   (You found it on level 4 of the Shoals)

   rC+:       It protects you from cold.
Missiles
 v - 8 javelins
 E - 17 curare-tipped darts
 K - 49 boomerangs (quivered)
 N - 8 throwing nets
 S - 4 silver javelins
Armour
 o - a +2 plate armour of fire resistance (worn)
 F - the +2 pair of slick slippers (worn) {slick, slippery, EV+4}
   (You acquired it on level 2 of the Lair of Beasts)

   Slick:     Its wearer cannot be constricted, engulfed, netted or webbed.
   Slippery:  Its wearer slips away from damaging melee attacks, pulling the
   attacker onward.
   EV+4:      It affects your evasion (+4).
 I - a +0 tower shield (worn)
 L - the +2 hood of the Assassin (worn) {Detect Stab+ Stlth++}
   (You bought it in a shop on level 5 of the Dungeon)

   Detect:    It allows the wearer to sense nearby creatures.
   Stab+:     It allows the wearer to make particularly effective stabbing
   attacks against helpless or unaware enemies with any weapon.
   Stlth++:   It makes you much more stealthy.
 R - the +2 pair of gloves "Meuz" (worn) {rPois Regen+ Str+2 Dex-4}
   (You acquired it on level 10 of the Dungeon)

   Str+2:     It affects your strength (+2).
   Dex-4:     It affects your dexterity (-4).
   rPois:     It protects you from poison Regen+: It increases your rate of
   health regeneration.
 U - the +0 pair of gloves "Haschohiso" {Fly rC+ Will+ Int-3}
   (You bought it in a shop on level 9 of the Dungeon)

   Int-3:     It affects your intelligence (-3).
   rC+:       It protects you from cold.
   Will+:     It increases your willpower.
   Fly:       It grants you flight.
 V - a +2 cloak (worn)
Jewellery
 e - a ring of protection from fire (left hand)
 f - a ring of positive energy
 g - a +4 ring of slaying
 k - the ring of Cyotes {rElec Str+6 Int+2}
   (You found it on level 1 of the Depths)

   [ring of strength]

   Str+6:     It affects your strength (+6).
   Int+2:     It affects your intelligence (+2).
   rElec:     It insulates you from electricity.
 l - the ring "Wiymnih" {rC+ rCorr Str+4 Stlth+}
   (You found it on level 3 of the Vaults)

   [ring of resist corrosion]

   Str+4:     It affects your strength (+4).
   rC+:       It protects you from cold.
   rCorr:     It protects you from acid and corrosion.
   Stlth+:    It makes you more stealthy.
 m - the ring of Gunt {Ice Str+3}
   (You took it off a centaur warrior on level 13 of the Dungeon)

   [ring of ice]

   Ice:       It enhances your ice magic.
   Str+3:     It affects your strength (+3).
   rF-:       It makes you vulnerable to fire.
   rC+:       It protects you from cold.
 t - an amulet of faith
 x - the ring "Waruano" {Fly rPois rN+ Str+2 SInv}
   (You found it on level 2 of the Depths)

   [ring of flight]

   Str+2:     It affects your strength (+2).
   rPois:     It protects you from poison rN+: It protects you from negative
   energy.
   SInv:      It lets you see invisible.
   Fly:       It grants you flight.
 M - the amulet "Duoxko Guxt" (around neck) {Reflect Regen+ SH+5}
   (You took it off an orc wizard on level 7 of the Dungeon)

   [amulet of reflection]

   Reflect:   It reflects blocked missile attacks.
   Regen+:    It increases your rate of health regeneration.
   SH+5:      It affects your SH (+5).
 X - the ring of Xuyrchast (right hand) {rF+ Int+2}
   (You took it off a yaktaur on level 3 of the Vaults)

   [ring of protection from fire]

   Int+2:     It affects your intelligence (+2).
   rF+:       It protects you from fire.
Wands
 c - a wand of digging (22)
 y - a wand of acid (14)
 D - a wand of roots (46)
Scrolls
 b - 3 scrolls of summoning
 i - 9 scrolls of fear
 j - 19 scrolls of teleportation
 n - 4 scrolls of silence
 q - 6 scrolls of blinking
 w - 6 scrolls of revelation
 T - 9 scrolls of fog
 W - 4 scrolls of immolation
 Z - 9 scrolls of enchant armour
Potions
 d - 8 potions of might
 p - 13 potions of curing
 r - 8 potions of mutation
 u - 6 potions of ambrosia
 z - 6 potions of haste
 A - 4 potions of resistance
 B - 3 potions of attraction
 C - 2 potions of invisibility
 H - 3 potions of magic
 P - 2 potions of cancellation
 Q - 9 potions of heal wounds
 Y - 4 potions of enlightenment
Miscellaneous
 a - a phial of floods
 J - a phantom mirror


   Skills:
 + Level 22.7 Fighting
 - Level 16.0 Polearms
 + Level 14.3 Throwing
 + Level 19.9 Armour
 + Level 18.1 Dodging
 + Level 5.0 Stealth
 - Level 19.0 Shields
 * Level 20.4 Invocations


You had 23 spell levels left.
You didn't know any spells.
Your spell library contained the following spells:

 Spells                   Type           Power      Damage    Failure   Level
 Apportation              Tloc           0%         N/A       99%         1
 Kiss of Death            Conj/Necr      0%         2d5       99%         1
 Necrotise                Necr           0%         1d4       99%         1
 Sandblast                Erth           0%         2d4       99%         1
 Sting                    Tmut/Pois      0%         1d3       99%         1
 Summon Small Mammal      Summ           0%         N/A       99%         1
 Blink                    Tloc           0%         N/A       99%         2
 Ensorcelled Hibernation  Hex/Ice        0%         N/A       99%         2
 Jinxbite                 Hex            0%         N/A       99%         2
 Lesser Beckoning         Tloc           0%         N/A       99%         2
 Momentum Strike          Conj/Tloc      0%         3d8       99%         2
 Passwall                 Tmut/Erth      0%         N/A       99%         2
 Poisonous Vapours        Pois/Air       0%         N/A       99%         2
 Scorch                   Fire           0%         2d5       99%         2
 Static Discharge         Conj/Air       0%         3-3/arc   99%         2
 Sublimation of Blood     Necr           0%         N/A       99%         2
 Wereblood                Tmut           0%         N/A       99%         2
 Call Canine Familiar     Summ           0%         N/A       100%        3
 Confusing Touch          Hex            0%         N/A       100%        3
 Dazzling Flash           Conj/Hex       0%         N/A       100%        3
 Gell's Gravitas          Tloc           0%         N/A       100%        3
 Ignite Poison            Fire/Tmut/Pois 0%         N/A       100%        3
 Mephitic Cloud           Conj/Pois/Air  0%         N/A       100%        3
 Stone Arrow              Conj/Erth      0%         3d7       100%        3
 Summon Guardian Golem    Hex/Summ       0%         N/A       100%        3
 Teleport Other           Tloc           0%         N/A       100%        3
 Tukima's Dance           Hex            0%         N/A       100%        3
 Airstrike                Air            0%         2d(0-16)  100%        4
 Anguish                  Hex/Necr       0%         N/A       100%        4
 Animate Armour           Summ/Erth      0%         N/A       100%        4
 Brom's Barrelling Bould  Conj/Erth      0%         2d3       100%        4
 Dimensional Bullseye     Hex/Tloc       0%         N/A       100%        4
 Dispel Undead            Necr           0%         3d6       100%        4
 Flame Wave               Conj/Fire      0%         2d4       100%        4
 Leda's Liquefaction      Hex/Erth       0%         N/A       100%        4
 Manifold Assault         Tloc           0%         N/A       100%        4
 Olgreb's Toxic Radiance  Pois           0%         N/A       100%        4
 Passage of Golubria      Tloc           0%         N/A       100%        4
 Sticky Flame             Conj/Fire      0%         2d3       100%        4
 Summon Ice Beast         Ice/Summ       0%         N/A       100%        4
 Summon Lightning Spire   Summ/Air       0%         N/A       100%        4
 Agony                    Necr           0%         N/A       100%        5
 Borgnjor's Vile Clutch   Necr/Erth      0%         N/A       100%        5
 Freezing Cloud           Conj/Ice/Air   0%         6-21      100%        5
 Iskenderun's Battlesphe  Conj           0%         2d6       100%        5
 Silence                  Hex/Air        0%         N/A       100%        5
 Summon Mana Viper        Hex/Summ       0%         N/A       100%        5
 Yara's Violent Unravell  Hex/Tmut       0%         3d3       100%        5
 Bombard                  Conj/Erth      0%         9d1       100%        6
 Summon Cactus Giant      Summ           0%         N/A       100%        6
 Haunt                    Necr/Summ      0%         N/A       100%        7
 Malign Gateway           Summ/Tloc      0%         N/A       100%        7
 Monstrous Menagerie      Summ           0%         N/A       100%        7
 Spellforged Servitor     Conj/Summ      0%         N/A       100%        7
 Summon Hydra             Summ           0%         N/A       100%        7
 Ignition                 Fire           0%         3d3       100%        8
 Infestation              Necr           0%         N/A       100%        8
 Lehudib's Crystal Spear  Conj/Erth      0%         10d2      100%        8
 Summon Horrible Things   Summ           0%         N/A       100%        8
 Animate Dead             Necr           Unusable   N/A       N/A         4
 Death Channel            Necr           Unusable   N/A       N/A         6

Dungeon Overview and Level Annotations

Branches:
Dungeon (15/15)            Temple (0/1) D:7            Lair (5/5) D:8
 Shoals (4/4) Lair:2       Spider (4/4) Lair:2        Slime (5/5) Lair:5
    Orc (2/2) D:12            Elf (0/3) Orc:2        Vaults (4/5) D:13
  Crypt (3/3) Vaults:2       Tomb (0/3) Crypt:3      Depths (4/4) D:15
    Zot (0/5) Depths:4    Ossuary (visited)          Bailey (visited)

Altars:
Ashenzari
Cheibriados
Dithmenos
Elyvilon
Kikubaaqudgha
Qazlal
Trog
Uskayaw
Wu Jian
Xom
Yredelemnul
Zin
Jiyva

Shops:
D:3 ?   D:5 [   D:9 [   D:11 *   D:14 *   Orc:2 =*(=   Shoals:2 *   Vaults:1 *
Vaults:4 (   Depths:4 [

Portals:
Hell: Depths:1 Depths:2 Depths:3 Depths:4
Abyss: Depths:3
Pandemonium: Depths:2
Ziggurat: Depths:4
Trove: D:14 (give 7 potions of haste)

Annotations:
Shoals:2 6 transporters
Depths:2 1 exclusion


Innate Abilities, Weirdness & Mutations

You have a pair of horns on your head.
You reflexively headbutt those who attack you in melee.
You are clumsy. (Dex -2)
Potions are less effective at restoring your health.


Message History

That felt strangely unrewarding.
You hear an explosion!
The fiery explosion engulfs the rockslime.
The rockslime resists.
Flame seeps out of the rockslime.
The rockslime is lightly wounded.
You are engulfed in blazing flames.
You resist.
The rockslime is engulfed in blazing flames.
Flame seeps out of the rockslime.
The Royal Jelly is engulfed in blazing flames.
You feel a strange vibration for a moment.
With an infernal noise, the power ruling this place vanishes!
The Royal Jelly explodes!
Your Stealth skill increases to level 5!
Unknown command.
Unknown command.
Unknown command.
You puncture the rockslime!
Flame seeps out of the rockslime.
You headbutt the rockslime, but do no damage.
The rockslime is heavily wounded.
You are engulfed in blazing flames.
You resist. You block the rockslime's attack. The rockslime hits you.
Unknown command.
You hit the rockslime but do no damage.
The rockslime is heavily wounded.
You are engulfed in blazing flames.
You resist. The rockslime hits you!
The rockslime is engulfed in blazing flames.
Flame seeps out of the rockslime.
The rockslime hits you!!
* * * LOW HITPOINT WARNING * * *
The rockslime is engulfed in blazing flames.
Flame seeps out of the rockslime.
As you read the scroll of fear, it crumbles to dust.
You assume a fearsome visage.
The rockslime resists with almost no effort.
The rockslime looks frightened! x5; You are engulfed in blazing flames.
You resist.
* * * LOW HITPOINT WARNING * * *
The rockslime is engulfed in blazing flames.
Flame seeps out of the rockslime.
The rockslime hits you!!!
You die...
Your body rises from the dead as a mindless zombie.

##.......##
.......
####.....##
.......
#......##
#...§§..#
##☼☼○○§☼##
#..§°J§.#
#JJJ☼§§☼#
###JJJ###
#@#J# #####


You could see 6 rockslimes.

Vanquished Creatures
  the Royal Jelly (Slime:5)
  A dread lich (Crypt:3)
  A golden dragon (Depths:3)
  2 bone dragons
  Arachne (Spider:2)
  A Tzitzimitl (Depths:2)
  Zenata (Crypt:2)
  2 liches
  A tentacled monstrosity (Depths:3)
  8 acid blobs
  A walking frostbound tome (Depths:3)
  2 sphinxes
  7 ancient champions
  A shadow dragon (Vaults:2)
  4 tengu reavers
  Roxanne (Shoals:2)
  4 revenants
  12 azure jellies
  2 fire giants
  4 frost giants
  10 vault wardens
  5 emperor scorpions
  4 rockslimes
  3 spectral juggernauts (Depths:2)
  A juggernaut zombie (Crypt:3)
  A draconian shifter (Depths:4)
  2 curse skulls
  6 quicksilver oozes (Slime:5)
  4 ghost moths (Spider:4)
  4 ghouls
  11 ironbound preservers
  5 ironbound thunderhulks
  A draconian annihilator (Depths:4)
  11 very ugly things
  4 war gargoyles
  6 stone giants
  An elemental wellspring (Shoals:3)
  11 dire elephants
  8 vampire knights
  A black draconian (Depths:4)
  A purple draconian (Depths:4)
  4 spectral titans (Depths:2)
  5 spark wasps
  4 eidola
  4 deep elf death magi
  5 ettins
  2 spectral quicksilver dragons (Depths:2)
  5 merfolk javelineers
  9 jiangshi
  A mummy priest (Crypt:3)
  4 entropy weavers
  5 merfolk impalers
  2 fire dragons
  7 vault guards
  7 yaktaur captains
  A rakshasa (Depths:1)
  3 great orbs of eyes
  3 spectral tengu (Depths:2)
  2 spectral shadow dragons (Depths:2)
  2 ice dragons
  2 hydras
  A catoblepas (Lair:5)
  2 spriggan air magi
  An alligator (Shoals:4)
  2 radroaches
  2 spectral sphinxes (Depths:2)
  2 juggernaut simulacra
  An alligator snapping turtle (Shoals:4)
  2 jorogumos
  A peacekeeper (Vaults:4)
  A spectral frost giant (Depths:2)
  12 centaur warriors
  An Orb Guardian zombie (Crypt:2)
  A dancing weapon (D:6)
  2 two-headed ogres
  3 death knights
  4 merfolk aquamancers
  A spectral stone giant (Depths:2)
  9 boulder beetles
  5 ironbound frosthearts
  4 deep troll shamans
  9 demonic crawlers
  4 vampire magi
  4 deep troll earth magi
  A death yak (Lair:5)
  A quicksilver ooze zombie (Crypt:1)
  A spectral fire giant (Depths:2)
  7 tengu warriors
  A spectral storm dragon (Depths:2)
  An occultist (Depths:1)
  An orc high priest (Orc:2)
  2 spriggan berserkers
  3 hell knights
  Amaemon (D:8)
  2 soul eaters
  3 iron trolls
  A titan skeleton (Crypt:2)
  6 skysharks
  8 skeletal warriors
  A pharaoh ant (Spider:3)
  A storm dragon skeleton (D:15)
  3 sun moths
  2 sea snakes
  A goliath frog (Shoals:4)
  28 deep trolls
  3 orb spiders (Spider:4)
  6 flayed ghosts
  A golden dragon skeleton (Crypt:3)
  4 glowing orange brains
  3 steelbarb worms (Spider:4)
  A spectral iron dragon (Depths:2)
  4 necromancers
  3 orange crystal statues
  18 ironbound convokers
  6 lindwurms
  3 phantasmal warriors
  A deep elf pyromancer (D:12)
  7 orc knights
  12 wolf spiders
  4 orc sorcerers (Orc:2)
  7 arcanists
  17 harpies
  15 ugly things
  2 sphinx simulacra
  4 cyclopes
  A wolf spider zombie (Crypt:2)
  2 spectral spriggans (Depths:2)
  13 manticores
  6 elephants (Lair:5)
  2 moths of wrath (Spider:4)
  A faun (Shoals:3)
  4 large abominations (Depths:3)
  Maurice (D:10)
  3 black mambas
  3 kobold blastminers (Orc:2)
  5 merfolk sirens
  14 vault sentinels
  An ice statue (Vaults:4)
  The ghost of Drangen the Skirmisher, a novice SpHu (D:6)
  5 water nymphs
  8 cane toads
  A torpor snail (Spider:4)
  A fire giant skeleton (Crypt:1)
  A torpor snail (shapeshifter) (Vaults:2)
  2 gargoyles
  A dire elephant skeleton (Crypt:1)
  An orange demon (D:8)
  A storm dragon simulacrum (Depths:2)
  2 unseen horrors (Depths:3)
  A titan simulacrum (Depths:2)
  2 alligator snapping turtle skeletons (Crypt:3)
  Maggie (D:6)
  A steelbarb worm zombie (Crypt:1)
  6 freezing wraiths
  A guardian mummy (Crypt:3)
  3 rime drakes
  6 komodo dragons
  25 yaktaurs
  A golden dragon simulacrum (Depths:2)
  A tengu conjurer (D:13)
  A yaktaur skeleton (Vaults:4)
  A spectral human (Depths:2)
  2 polar bears (Lair:3)
  An unseen horror skeleton (Crypt:1)
  A harpy zombie (Crypt:1)
  2 hornets
  2 trolls
  6 meliai
  2 wind drakes
  15 merfolk
  16 tarantellas
  15 blink frogs
  2 dream sheep (Shoals:1)
  A glass eye (Slime:5)
  A boulder beetle zombie (Crypt:3)
  A snapping turtle (Shoals:3)
  An ettin zombie (Crypt:3)
  A glass eye (shapeshifter) (D:14)
  36 slime creatures
  16 jumping spiders
  A centaur simulacrum (Crypt:3)
  3 flying skulls (Crypt:2)
  2 spriggan skeletons
  A vampire (D:10)
  3 culicivoras
  15 water elementals
  A spriggan (Depths:3)
  4 wraiths
  A yak (shapeshifter) (D:15)
  6 wyverns
  20 yaks
  3 steam dragons
  A shadow (D:13)
  A chaos spawn (Depths:3)
  A golden eye (Slime:5)
  3 basilisks
  10 vampire mosquitoes
  26 redbacks
  Menkaure (D:6)
  A two-headed ogre zombie (Crypt:1)
  2 wargs
  Duvessa (D:5)
  11 water moccasins
  2 acid dragons (D:12)
  A faun skeleton (Crypt:2)
  A human skeleton (Vaults:3)
  3 ice beasts
  3 sky beasts
  19 orc warriors
  3 black bears
  A black bear (shapeshifter) (D:13)
  8 small abominations (Depths:3)
  20 wolves
  4 ogres
  4 centaurs
  A manticore skeleton (Crypt:2)
  A rime drake zombie (Crypt:1)
  2 phantoms
  6 kobold brigands
  A fire crab zombie (Crypt:3)
  13 bullfrogs
  3 necrophages
  9 scorpions (Ossuary)
  A water moccasin zombie (Crypt:1)
  A gnoll sergeant (D:11)
  8 wights
  Dowan (D:5)
  3 killer bees (D:9)
  A queen bee zombie (Crypt:2)
  10 electric eels
  5 howler monkeys
  3 centaur zombies (Ossuary)
  6 jellies
  7 hounds
  2 human zombies (Ossuary)
  A gnoll bouda (D:8)
  16 orc priests
  4 sleepcaps
  6 iguanas
  33 orc wizards
  2 scorpion zombies (Ossuary)
  A deep dwarf skeleton (Crypt:2)
  3 mummies (Ossuary)
  12 adders
  2 gnolls (D:8)
  A shadow imp (D:5)
  3 white imps
  2 ufetubi (D:6)
  An iguana zombie (Crypt:3)
  A worm (D:2)
  2 dart slugs
  48 orcs
  10 bats
  A bat zombie (Crypt:2)
  9 endoplasms
  3 gnoll zombies (Ossuary)
  5 goblins
  2 hobgoblins (D:3)
  7 jackals
  25 kobolds
  3 quokkas
  3 ball pythons
  A frilled lizard (D:3)
  A giant cockroach zombie (Crypt:2)
  3 goblin zombies (Ossuary)
  A hobgoblin zombie (Ossuary)
  A jackal skeleton (Crypt:1)
  2 kobold zombies (Ossuary)
  An orc zombie (Ossuary)
  2 rats (D:3)
1244 creatures vanquished.

Vanquished Creatures (collateral kills)
  Saint Roka (Vaults:3)
  3 golden dragons
  A bone dragon (Crypt:3)
  Norris (Vaults:1)
  Nikola (Shoals:4)
  3 liches
  2 acid blobs
  2 ancient champions (Crypt:3)
  3 sphinxes
  Kirke (Shoals:1)
  3 tengu reavers
  A storm dragon (Depths:4)
  A revenant (Crypt:3)
  4 rockslimes
  An azure jelly (Slime:5)
  3 frost giants
  An emperor scorpion (Spider:4)
  2 ghost moths
  3 spectral juggernauts (Depths:2)
  A vault warden (Vaults:1)
  2 curse skulls
  2 orc warlords
  7 ironbound preservers
  2 quicksilver oozes
  A ghoul (Crypt:1)
  2 very ugly things
  3 spriggan defenders
  3 ironbound thunderhulks
  A stone giant (Depths:3)
  3 vampire knights
  A spectral titan (Depths:2)
  2 white draconians (Depths:4)
  2 yellow draconians (Depths:4)
  4 dire elephants
  A red draconian (Depths:4)
  3 eidola
  5 jiangshi
  4 ettins
  A merfolk javelineer (Shoals:4)
  2 deep elf death magi
  5 merfolk impalers
  2 entropy weavers
  2 fire dragons (Depths:4)
  A mummy priest (Crypt:3)
  5 yaktaur captains
  2 great orbs of eyes
  3 vault guards
  A spectral tengu (Depths:2)
  A hydra (D:14)
  An ice dragon (D:15)
  An ogre mage (D:11)
  A spriggan air mage (Depths:1)
  A caustic shrike simulacrum (Depths:2)
  7 ironbound frosthearts
  A merfolk avatar (Shoals:1)
  2 radroaches
  A dancing weapon (D:13)
  4 merfolk aquamancers
  5 centaur warriors
  5 boulder beetles
  A spectral fire giant (Depths:2)
  5 alligator snapping turtles (Shoals:4)
  3 two-headed ogres
  2 deep troll shamans (Depths:2)
  2 death yaks (Lair:5)
  An occultist (Depths:2)
  A demonic crawler (Spider:1)
  2 deep troll earth magi
  3 vampire magi
  4 hell knights
  2 soul eaters
  2 orc high priests (Orc:2)
  2 spectral storm dragons (Depths:2)
  6 skeletal warriors
  A sun moth (Spider:4)
  3 pharaoh ants
  A spectral spark wasp (Depths:2)
  An iron troll (Depths:2)
  4 flayed ghosts
  3 death drakes (Depths:2)
  6 sea snakes
  An anaconda zombie (Crypt:3)
  8 orb spiders
  11 deep trolls
  4 glowing orange brains
  A spectral iron dragon (Depths:2)
  4 steelbarb worms
  9 arcanists
  A harpy (shapeshifter) (D:13)
  12 ironbound convokers
  5 harpies
  6 phantasmal warriors
  An orc knight (Orc:2)
  A deep elf pyromancer (D:14)
  3 spectral spriggans (Depths:2)
  18 ugly things
  2 orc sorcerers
  2 cyclopes
  6 manticores
  An oklob plant (Lair:3)
  2 fauns (Shoals:3)
  2 dire elephant zombies (Crypt:3)
  4 wolf spiders
  3 shining eyes
  An ice statue (D:15)
  4 elephants (Lair:5)
  5 vault sentinels
  A black mamba (Lair:5)
  A merfolk siren (Shoals:4)
  A storm dragon simulacrum (Depths:2)
  4 water nymphs
  3 cane toads
  4 komodo dragons
  3 torpor snails
  A titan simulacrum (Depths:2)
  5 freezing wraiths
  Jeremiah (D:8)
  An eye of devastation (Slime:5)
  3 rime drakes
  2 tengu conjurers
  A human skeleton (Vaults:4)
  11 yaktaurs
  A troll (D:13)
  16 merfolk
  A golden dragon simulacrum (Depths:2)
  3 guardian mummies (Crypt:3)
  3 meliai
  A hornet (Depths:3)
  A yaktaur skeleton (Vaults:3)
  A tengu simulacrum (Depths:2)
  2 glass eyes (Depths:2)
  4 polar bears
  5 wind drakes
  6 tarantellas
  7 snapping turtles
  A dream sheep (Shoals:1)
  A dream sheep (shapeshifter) (Depths:3)
  2 blink frogs (Lair:2)
  11 jumping spiders
  A flying skull (Crypt:2)
  24 slime creatures
  2 ushabtiu (Crypt:3)
  5 culicivoras
  A wyvern (Lair:1)
  A slime creature zombie (Slime:2)
  A spriggan (Depths:3)
  3 wraiths
  13 water elementals
  A golden eye (shapeshifter) (D:15)
  An elf zombie (Vaults:3)
  A yak (shapeshifter) (D:14)
  A steam dragon (D:9)
  6 golden eyes
  11 yaks
  Grum (Lair:1)
  7 redbacks
  3 basilisks
  6 vampire mosquitoes
  A swamp worm (shapeshifter) (D:13)
  A warg (Orc:2)
  2 water moccasins
  A human simulacrum (Vaults:4)
  A glowing shapeshifter skeleton (Vaults:3)
  18 orc warriors
  4 ice beasts (D:15)
  A sky beast (D:7)
  A black bear (D:7)
  A wolf (Lair:5)
  2 kobold brigands
  2 bullfrogs
  A human zombie (Vaults:4)
  2 necrophages (Crypt:1)
  2 killer bees (D:9)
  A howler monkey (D:12)
  3 electric eels
  A jelly (Lair:5)
  5 orc priests
  6 orc wizards
  An ogre zombie (Crypt:3)
  12 mummies (Crypt:3)
  A gnoll (D:8)
  3 white imps (D:15)
  An iguana skeleton (Crypt:1)
  An orc zombie (Orc:1)
  20 orcs
  An endoplasm (Lair:5)
  A hobgoblin zombie (Crypt:3)
  9 kobolds
615 creatures vanquished.

Vanquished Creatures (others)
  A spectral human (Vaults:1)
  A dire elephant (Vaults:2)
  A very ugly thing zombie (Depths:4)
  An ironbound frostheart (Vaults:2)
  3 sphinx zombies
  A vampire mage (Depths:2)
  An emperor scorpion zombie (Spider:4)
  2 spark wasp zombies
  23 human zombies
  A deep elf pyromancer (D:13)
  3 wolf spider zombies
  2 stone giant zombies
  4 ugly thing zombies
  A spectral orc (Vaults:2)
  A manticore (Shoals:4)
  2 dire elephant zombies (Vaults:1)
  A spectral slime creature (Slime:5)
  2 orb spider zombies (Spider:4)
  2 sea snake zombies
  4 redback zombies
  A yaktaur (Vaults:4)
  A steelbarb worm zombie (Spider:4)
  An iron troll zombie (Depths:2)
  A white draconian zombie (Depths:4)
  A yellow draconian zombie (Depths:4)
  7 harpy zombies
  A death drake zombie (Depths:2)
  A great orb of eyes zombie (Vaults:2)
  2 demonic crawler zombies (Spider:1)
  A tarantella (Spider:4)
  2 culicivora zombies
  4 tarantella zombies
  2 ettin zombies
  4 jumping spider zombies (Spider:4)
  A fire dragon zombie (Depths:2)
  A wind drake zombie (Shoals:2)
  A culicivora (Spider:4)
  4 slime creature zombies
  A spectral ogre (D:13)
  A water nymph zombie (Shoals:3)
  3 merfolk zombies
  8 deep troll zombies
  An entropy weaver zombie (Spider:2)
  A hornet zombie (Depths:3)
  A lindwurm zombie (Vaults:3)
  2 blink frog zombies
  2 manticore zombies
  36 orc zombies
  11 vampire mosquito zombies
  7 yaktaur zombies
  3 wyvern zombies
  2 water moccasin zombies
  2 warg zombies
  A spriggan zombie (Depths:3)
  2 yak zombies
  7 wolf zombies
  A bullfrog zombie (Lair:1)
  7 centaur zombies
  4 killer bee zombies (D:9)
  An ice beast zombie (D:15)
  2 ogre zombies
  A gnoll zombie (Lair:1)
  A spectral white imp (D:7)
  2 endoplasm zombies (Lair:5)
  10 kobold zombies
213 creatures vanquished.

Grand Total: 2072 creatures vanquished

Notes
Turn   | Place    | Note
-------+----------+-------------------------------------------
     0 | D:1      | Bnni the Minotaur Fighter began the quest for the Orb.
     0 | D:1      | Reached XP level 1. HP: 19/19 MP: 0/0
   134 | D:1      | Reached XP level 2. HP: 27/27 MP: 1/1
   147 | D:1      | You fall into a shaft and drop 1 floor!
   208 | D:2      | Reached skill level 4 in Fighting
   282 | D:2      | Reached XP level 3. HP: 28/33 MP: 2/2
   610 | D:2      | Found a faded altar of an unknown god.
  1030 | D:3      | Reached XP level 4. HP: 7/41 MP: 3/3
  1041 | D:3      | Reached skill level 5 in Polearms
  1636 | D:3      | Found Sieqo's Magic Scroll Boutique.
  1653 | D:3      | Bought 2 scrolls of identify for 56 gold pieces
  1658 | D:3      | Bought a scroll of identify for 28 gold pieces
  1658 | D:3      | Bought a scroll of identify for 28 gold pieces
  1752 | D:4      | Reached XP level 5. HP: 47/47 MP: 4/4
  1764 | D:4      | Noticed a phantom
  1770 | D:4      | Reached skill level 5 in Fighting
  1779 | D:4      | Killed a phantom
  1923 | D:4      | Noticed a black bear
  1934 | D:4      | Killed a black bear
  1935 | D:4      | Reached XP level 6. HP: 48/57 MP: 5/5
  2035 | D:4      | Found a stormy altar of Qazlal.
  2051 | D:4      | Reached skill level 6 in Fighting
  2126 | D:4      | Found a shimmering altar of Xom.
  2128 | D:4      | Found an ornate altar of the Wu Jian Council.
  2133 | D:4      | Found a broken altar of Ashenzari.
  2511 | D:5      | Entered Level 5 of the Dungeon
  2520 | D:5      | Noticed a wyvern
  2527 | D:5      | Killed a wyvern
  2528 | D:5      | Reached XP level 7. HP: 30/64 MP: 6/6
  2803 | D:5      | Found a sand-covered staircase.
  2814 | D:5      | Reached skill level 7 in Fighting
  2816 | D:5      | Identified the amulet "Urodaoj" {Acrobat rN+}
  2824 | Ossuary  | Entered an ossuary
  2976 | Ossuary  | Reached XP level 8. HP: 72/73 MP: 7/7
  3081 | Ossuary  | Reached skill level 10 in Polearms
  3165 | Ossuary  | Reached skill level 8 in Fighting
  3572 | D:5      | Noticed Dowan
  3585 | D:5      | Found a bloodstained altar of Trog.
  3586 | D:5      | Found a hide-covered altar of Uskayaw.
  3588 | D:5      | Found a snail-covered altar of Cheibriados.
  3591 | D:5      | Found a white marble altar of Elyvilon.
  3659 | D:5      | Noticed Duvessa
  3678 | D:5      | Killed Dowan
  3681 | D:5      | Killed Duvessa
  3682 | D:5      | Reached XP level 9. HP: 17/82 MP: 8/8
  3685 | D:5      | HP: 2/82 [white imp (5)]
  3693 | D:5      | Reached skill level 9 in Fighting
  4061 | D:5      | Found Zuyngif's Armour Shoppe.
  4645 | D:6      | Found an ancient bone altar of Kikubaaqudgha.
  4648 | D:6      | Noticed Menkaure
  4879 | D:6      | Noticed Maggie
  4887 | D:6      | Killed Maggie
  4888 | D:6      | Reached skill level 10 in Fighting
  5023 | D:6      | Found a runed translucent door.
  5023 | D:6      | Found a shimmering altar of Xom.
  5023 | D:6      | Noticed Drangen's ghost (novice SpHu)
  5025 | D:6      | Noticed a +1 scimitar of chaos
  5213 | D:6      | Found a shadowy altar of Dithmenos.
  5310 | D:6      | Found a transporter.
  5316 | D:6      | Found a transporter.
  5340 | D:6      | Identified the +7 sling "Ugeaza" {flame, rElec rCorr MP+9
                  | Int+3}
  5455 | D:6      | Found a basalt altar of Yredelemnul.
  5925 | D:6      | Became a worshipper of Yredelemnul the Dark
  5935 | D:6      | Killed Menkaure
  6230 | D:7      | Found a flagged portal.
  6238 | Bailey   | Entered a bailey
  6258 | Bailey   | Reached * piety under Yredelemnul
  6265 | Bailey   | Reached XP level 10. HP: 80/94 MP: 9/9
  6277 | Bailey   | Reached ** piety under Yredelemnul
  6365 | Bailey   | Noticed an orc knight
  6379 | Bailey   | Killed an orc knight
  6380 | Bailey   | Reached skill level 1 in Invocations
  6666 | Bailey   | Reached skill level 11 in Fighting
  6675 | Bailey   | Found a burning altar of Makhleb.
  6683 | Bailey   | Identified the +2 robe "Vacwunux" {rN++ Will+ Stlth-}
  6824 | D:7      | Found a staircase to the Ecumenical Temple.
  6925 | D:5      | Bought the +2 hood of the Assassin {Detect Stab+ Stlth++}
                  | for 720 gold pieces
  6925 | D:5      | Found the +2 hood of the Assassin {Detect Stab+ Stlth++}
  7024 | D:6      | Killed a +1 scimitar of chaos
  7028 | D:6      | Killed Drangen's ghost
  7029 | D:6      | Reached skill level 15 in Polearms
  7490 | D:7      | Noticed a two-headed ogre
  7491 | D:7      | Noticed a cyclops
  7495 | D:7      | Killed a two-headed ogre
  7504 | D:7      | Killed a cyclops
  7537 | D:7      | Reached *** piety under Yredelemnul
  7869 | D:7      | Reached **** piety under Yredelemnul
  7872 | D:7      | Reached XP level 11. HP: 104/104 MP: 13/13
  7872 | D:7      | Reached ***** piety under Yredelemnul
  7905 | D:7      | Identified the amulet "Duoxko Guxt" {Reflect Regen+ SH+5}
  7943 | D:7      | Noticed a boulder beetle
  7944 | D:7      | Noticed a skeletal warrior
  7955 | D:7      | Killed a boulder beetle
  7955 | D:7      | Charmed a boulder beetle
  7967 | D:7      | Killed a skeletal warrior
  7968 | D:7      | Reached skill level 12 in Fighting
  8251 | D:8      | Noticed Jeremiah
  8256 | D:8      | Killed Jeremiah
  8265 | D:8      | Reached skill level 1 in Dodging
  8316 | D:8      | Noticed Amaemon
  8332 | D:8      | Reached skill level 5 in Invocations
  8338 | D:8      | Killed Amaemon
  8487 | D:8      | Found a staircase to the Lair.
  9120 | D:9      | Reached skill level 5 in Armour
  9154 | D:9      | Found Curatam's Armour Emporium.
  9232 | D:9      | Noticed a two-headed ogre
  9238 | D:9      | Killed a two-headed ogre
  9806 | D:10     | Entered Level 10 of the Dungeon
  9856 | D:10     | Noticed Erolcha
  9924 | D:9      | Bought the +0 pair of gloves "Haschohiso" {Fly rC+ Will+
                  | Int-3} for 218 gold pieces
 10103 | D:10     | Noticed Maurice
 10118 | D:10     | Something stole a box of beasts
 10121 | D:10     | Killed Maurice
 10124 | D:10     | Identified the +1 robe "Damnable Contraption" {rF+ rC-
                  | Slay+4}
 10297 | D:10     | Killed Erolcha
 10297 | D:10     | Charmed Erolcha
 10532 | D:10     | Reached skill level 13 in Fighting
 10562 | D:10     | Identified a scroll of acquirement
 10563 | D:10     | Acquired the +2 pair of gloves "Meuz" {rPois Regen+ Str+2
                  | Dex-4}
 10570 | D:10     | Reached ****** piety under Yredelemnul
 11438 | D:11     | Found Paef's Neck Hole.
 11534 | D:11     | Noticed a tengu warrior
 11545 | D:11     | Killed a tengu warrior
 11546 | D:11     | Reached skill level 5 in Dodging
 11546 | D:11     | Reached XP level 12. HP: 115/115 MP: 14/16
 11580 | D:11     | Noticed a boulder beetle
 11592 | D:11     | Killed a boulder beetle
 12079 | D:11     | Noticed a centaur warrior
 12084 | D:11     | Killed a centaur warrior
 12144 | D:11     | Noticed an ogre mage
 12144 | D:11     | Noticed a boulder beetle
 12144 | D:11     | Noticed a centaur warrior
 12164 | D:11     | Killed a centaur warrior
 12165 | D:11     | Noticed a boulder beetle
 12172 | D:11     | Killed an ogre mage
 12180 | D:11     | Killed a boulder beetle
 12193 | D:11     | Killed a boulder beetle
 12194 | D:11     | Reached skill level 14 in Fighting
 12199 | D:11     | Got Sif Muna's Secrets of the Wyrd
 12535 | D:12     | Noticed a centaur warrior
 12547 | D:12     | Killed a centaur warrior
 12669 | D:12     | Noticed a boulder beetle
 12675 | D:12     | Killed a boulder beetle
 13287 | D:12     | Noticed a two-headed ogre
 13301 | D:12     | Killed a two-headed ogre
 13348 | D:12     | Reached XP level 13. HP: 125/125 MP: 14/18
 13361 | D:12     | Found a staircase to the Orcish Mines.
 14320 | D:13     | Identified the +5 dagger "Viuguluw" {freeze, Dex+3}
 14410 | D:13     | Reached skill level 10 in Armour
 14429 | D:13     | Reached skill level 15 in Fighting
 14441 | D:13     | Found a gate to the Vaults.
 14700 | D:13     | Your ally Erolcha died
 14836 | D:13     | Identified the +1 robe "Rocammuy" {rF+}
 14836 | D:13     | Identified the ring of Gunt {Ice Str+3}
 14857 | D:13     | Noticed a sphinx
 14868 | D:13     | Killed a sphinx
 14868 | D:13     | Charmed a sphinx
 15060 | D:14     | Reached skill level 10 in Invocations
 15365 | D:14     | Found Jehuzxol's General Store.
 15434 | D:14     | Found a portal to a secret trove of treasure.
 15575 | D:14     | Reached XP level 14. HP: 136/136 MP: 20/20
 15630 | D:15     | Entered Level 15 of the Dungeon
 15727 | D:15     | Reached skill level 10 in Dodging
 15764 | D:15     | Reached skill level 16 in Fighting
 15999 | D:15     | Found a staircase to the Depths.
 16625 | Lair:1   | Entered Level 1 of the Lair of Beasts
 16745 | Lair:1   | Noticed Grum
 16758 | Lair:1   | Killed Grum
 16761 | Lair:1   | Your ally Grum died
 17794 | Lair:2   | Found a hole to the Spider Nest.
 17802 | Lair:2   | Reached skill level 5 in Shields
 19719 | Lair:5   | Entered Level 5 of the Lair of Beasts
 19765 | Lair:5   | Found a staircase to the Slime Pits.
 19767 | Lair:5   | Found a viscous altar of Jiyva.
 19787 | Lair:5   | Reached XP level 15. HP: 146/146 MP: 16/22
 19798 | Lair:5   | Reached skill level 17 in Fighting
 20136 | Lair:5   | Acquired the +4 demon trident of Peace {drain, rElec}
 20950 | Orc:1    | Entered Level 1 of the Orcish Mines
 21379 | Orc:2    | Entered Level 2 of the Orcish Mines
 21392 | Orc:2    | Found a staircase to the Elven Halls.
 21664 | Orc:2    | Found Das Ucuonn's Jewellery Shop.
 21740 | Orc:2    | Found Feni's Antique Weapon Emporium.
 21762 | Orc:2    | Found Situb's Jewellery Emporium.
 21764 | Orc:2    | Found Riliaf's General Store.
 22380 | Spider:1 | Entered Level 1 of the Spider Nest
 22413 | Spider:1 | Noticed an emperor scorpion
 22428 | Spider:1 | Killed an emperor scorpion
 22457 | Spider:1 | Reached skill level 1 in Throwing
 23112 | Spider:1 | Reached XP level 16. HP: 113/157 MP: 24/24
 23862 | Spider:2 | Noticed Arachne
 24216 | Spider:2 | Killed Arachne
 24281 | Spider:2 | Reached skill level 18 in Fighting
 24304 | Spider:2 | Identified the +1 leather armour of Duyt {Contam rC+ rN+
                  | Stlth+}
 24416 | Spider:2 | Noticed Jorgrun
 24428 | Spider:2 | Killed Jorgrun
 24428 | Spider:2 | Charmed Jorgrun
 24654 | Spider:2 | Noticed Donald
 24660 | Spider:2 | Killed Donald
 24660 | Spider:2 | Charmed Donald
 25729 | Spider:3 | Reached skill level 5 in Throwing
 26360 | Spider:4 | Entered Level 4 of the Spider Nest
 26736 | Spider:4 | Reached skill level 15 in Armour
 26904 | Spider:4 | Reached skill level 10 in Shields
 27278 | Spider:4 | Got a gossamer rune of Zot
 27321 | Spider:4 | Reached XP level 17. HP: 161/166 MP: 25/25
 27942 | Lair:2   | Acquired the +2 pair of slick slippers {slick, slippery,
                  | EV+4}
 27942 | Lair:2   | Found the +2 pair of slick slippers {slick, slippery, EV+4}
 27959 | Shoals:1 | Entered Level 1 of the Shoals
 28073 | Shoals:1 | Noticed Kirke
 28078 | Shoals:1 | Killed Kirke
 28558 | Shoals:2 | Found a transporter.
 28567 | Shoals:2 | Found a transporter.
 28622 | Shoals:2 | Found a transporter.
 28642 | Shoals:2 | Reached skill level 19 in Fighting
 28649 | Shoals:2 | Found a transporter.
 28671 | Shoals:2 | Upgraded the game from 0.31-a0-1139-gec03705108 to
                  | 0.31-a0-1147-g46bab52692
 28721 | Shoals:2 | Found Dinetz's Mass Market.
 28729 | Shoals:2 | Bought a +0 tower shield for 81 gold pieces
 28762 | Shoals:2 | Found a transporter.
 28764 | Shoals:2 | Found a transporter.
 28974 | Shoals:2 | Noticed Roxanne
 28993 | Shoals:2 | Killed Roxanne
 30383 | Shoals:4 | Entered Level 4 of the Shoals
 30402 | Shoals:4 | Identified the +1 robe "Caeskeeg" {Dex+4 Slay+5 Stlth+}
 30502 | Shoals:4 | Noticed Nikola
 30509 | Shoals:4 | Killed Nikola
 30520 | Shoals:4 | Reached XP level 18. HP: 165/176 MP: 18/27
 30641 | Shoals:4 | Identified the +7 short sword of the Ass {flame, rC+}
 31121 | Shoals:4 | Got a barnacled rune of Zot
 31471 | Shoals:4 | Your ally Nikola died
 31707 | Depths:1 | Entered Level 1 of the Depths
 31778 | Depths:1 | Noticed a lich
 31788 | Depths:1 | Killed a lich
 32176 | Vaults:1 | Entered Level 1 of the Vaults
 32260 | Vaults:1 | Reached skill level 15 in Invocations
 32623 | Vaults:1 | Reached skill level 10 in Throwing
 32627 | Vaults:1 | Noticed Norris
 32649 | Vaults:1 | Killed Norris
 32738 | Vaults:1 | Reached XP level 19. HP: 104/184 MP: 20/29
 32741 | Vaults:1 | Your ally Donald died
 32889 | Vaults:1 | Found Osseucol's Assorted Antiques.
 33666 | Vaults:2 | Reached skill level 20 in Fighting
 33677 | Vaults:2 | Reached skill level 15 in Dodging
 34552 | Vaults:2 | Found a staircase to the Crypt.
 34552 | Vaults:2 | Found an ancient bone altar of Kikubaaqudgha.
 34552 | Vaults:2 | Found a basalt altar of Yredelemnul.
 34609 | Vaults:2 | Got Sif Muna's Guidebook on the Evil Eye and Evil Magic
 35077 | Vaults:3 | Reached skill level 15 in Shields
 35085 | Vaults:3 | Identified the ring of Xuyrchast {rF+ Int+2}
 35322 | Vaults:3 | Noticed Frederick
 35336 | Vaults:3 | Killed Frederick
 35336 | Vaults:3 | Charmed Frederick
 35713 | Vaults:3 | Noticed Saint Roka
 35721 | Vaults:3 | Killed Saint Roka
 35818 | Vaults:3 | Identified the ring "Wiymnih" {rC+ rCorr Str+4 Stlth+}
 36085 | Vaults:3 | Reached XP level 20. HP: 185/195 MP: 31/31
 37562 | Vaults:4 | Found Dysith's Antique Weapon Shoppe.
 38569 | Vaults:1 | Bought a scroll of summoning for 323 gold pieces
 39112 | Depths:1 | Reached skill level 21 in Fighting
 39149 | Depths:1 | Found a gateway to Hell.
 39193 | Depths:1 | Identified the ring of Cyotes {rElec Str+6 Int+2}
 39279 | Depths:1 | Identified the +3 scale mail "Exkorekk" {rPois Str+7 Int-2}
 40276 | Depths:2 | Reached XP level 21. HP: 173/193 MP: 32/32
 40935 | Depths:2 | Found a one-way gate leading to the halls of Pandemonium.
 41358 | Depths:2 | Reached XP level 22. HP: 213/213 MP: 34/34
 41906 | Depths:2 | Found the +8 longbow "Zephyr" {speed, Dex+3 SInv}
 41961 | Depths:2 | Identified the ring "Waruano" {Fly rPois rN+ Str+2 SInv}
 42212 | Depths:2 | Identified the scarf "Fuggu" {harm, SInv}
 42216 | Depths:2 | Identified the +3 leather armour of Alyval {Will++}
 42328 | Depths:3 | Noticed a golden dragon
 42368 | Depths:3 | Killed a golden dragon
 42424 | Depths:3 | Found a one-way gate to the infinite horrors of the Abyss.
 42872 | Depths:3 | Noticed a golden dragon
 42878 | Depths:3 | Killed a golden dragon
 43007 | Depths:3 | Noticed a golden dragon
 43022 | Depths:3 | Killed a golden dragon
 43058 | Depths:3 | Found the +6 Majin-Bo {spellvamp, MP+6 Int+6}
 43184 | Depths:3 | Identified the storm talisman of Pessimism {rC++ Slay+6}
 43190 | Depths:3 | Identified the +4 spear of Hotegoa {venom, rElec}
 43661 | Depths:4 | Entered Level 4 of the Depths
 43895 | Depths:4 | Reached XP level 23. HP: 222/222 MP: 35/35
 43908 | Depths:4 | Found a gate to the Realm of Zot.
 43934 | Depths:4 | Noticed Sojobo
 43943 | Depths:4 | Killed Sojobo
 43943 | Depths:4 | Charmed Sojobo
 44093 | Depths:4 | Paralysed by something for 4 turns
 44367 | Depths:4 | Found Xunkae Ciyh's Antique Armour Shop.
 44612 | Depths:4 | Found a one-way gateway to a ziggurat.
 44638 | Depths:4 | Reached skill level 1 in Stealth
 44835 | Depths:4 | Reached skill level 22 in Fighting
 44979 | Depths:4 | Found a glowing silver altar of Zin.
 45545 | Crypt:1  | Entered Level 1 of the Crypt
 45849 | Crypt:1  | You are sucked into a shaft and drop 1 floor!
 46652 | Crypt:2  | Noticed Zenata
 46664 | Crypt:2  | Killed Zenata
 46942 | Crypt:3  | Entered Level 3 of the Crypt
 47033 | Crypt:3  | Noticed a dread lich
 47052 | Crypt:3  | Killed a dread lich
 47517 | Crypt:3  | Found a staircase to the Tomb.
 47933 | Crypt:3  | Found an ancient bone altar of Kikubaaqudgha.
 47940 | Crypt:3  | Found a basalt altar of Yredelemnul.
 48025 | Crypt:3  | Found the +13 scythe of Curses {drain, curses, Drain}
 48040 | Crypt:3  | Identified the +0 tower shield of Integrity {Harm rF+
                  | Dex-2}
 48434 | Slime:1  | Entered Level 1 of the Pits of Slime
 48600 | Slime:2  | Reached XP level 24. HP: 218/233 MP: 30/36
 49479 | Slime:5  | Entered Level 5 of the Pits of Slime
 49632 | Slime:5  | Gained mutation: You are clumsy. (Dex -2) [a shining eye]
 49633 | Slime:5  | Noticed the Royal Jelly
 49685 | Slime:4  | Gained mutation: Potions are less effective at restoring
                  | your health. [a shining eye]
 49729 | Slime:5  | Killed the Royal Jelly
 49730 | Slime:5  | Reached skill level 5 in Stealth
 49732 | Slime:5  | Slain by a rockslime

Illustrated notes

Levels and vault maps discovered:
D:1:      lightli_arrival_statuegarden, layout_rooms
D:2:      layout_basic, basic_ecumenical_altar
D:3:      layout_basic, serial_shops, nicolae_shop_advertising_works
          [nicolae_subvault_shop_adworks], kennysheep_potato
D:4:      layout_basic, nicolae_overflow_macrodata_refinement, nicolae_tricolors
D:5:      layout_cave_pools, grunt_temple_overflow_open,
          lightli_ossuary_entry_decrepit_ruins, serial_shops,
          nicolae_shop_rolling_square, uniq_duvessa
D:6:      layout_rooms, gammafunk_temple_of_torment, kennysheep_little_box,
          serial_co_window_serial, co_window_of_opportunity_a,
          co_window_cross_1, co_window_of_opportunity_a, co_window_paths_a,
          co_window_corner_a, co_window_paths_a, co_window_corner_a,
          co_window_unsneaky_path_c, co_window_paths_c, co_window_2corner,
          co_window_sun, co_window_4corner_b, glass_columns_c, glass_columns_b,
          ebering_ghost_xom, minmay_manual_moon, uniq_maggie
D:7:      kennysheep_windowed_halls, layout_rooms, minmay_temple_entry_slanted,
          enter_bailey_2
D:8:      layout_loops_ring, lair_entry_dummy, uniq_jeremiah, uniq_amaemon
D:9:      layout_stronghold, serial_shops, shop
D:10:     layout_gridville, nicolae_elevator_lobby_asterisk, uniq_erolcha,
          uniq_maurice
D:11:     minmay_the_grid_octo_2x2 [minmay_the_grid_octo_77,
          minmay_the_grid_octo_chip, minmay_the_grid_octo_fan_narrow,
          minmay_the_grid_octo_prize_star], layout_gridville,
          grunt_ministairs_13, nicolae_shop_sticking_my_neck_out
D:12:     layout_stronghold, erik_orc_2, serial_park_tiny_2
D:13:     kennysheep_four_of_diamonds, layout_loops_ring, david_vaults_2
D:14:     layout_basic, grunt_decor_arrowhead, serial_shops, shop,
          nicolae_trove_entry_diagonal
D:15:     gammafunk_depths_entry_grave, layout_cave_pools, minivault_14,
          ice2_lemuel
Lair:1:   layout_roguey, uniq_grum
Lair:2:   layout_loops_ring, nicolae_shoals_entry_flooding,
          spider_nest_entry_funnel_web, infiniplex_staircase_pool
Lair:3:   hellmonk_ruined_rings, layout_regular_city
Lair:4:   layout_small_grid
Lair:5:   grunt_lair_end_beastmaster, layout_concentric_octagons,
          nicolae_slime_entry_slimehenge, st_stairs_5, columned_hall_lemuel,
          chequers_serial_rivers_room_a, serial_bayou_pond_a
Shoals:1: layout_shoals, nicolae_shoals_gull_way, uniq_kirke
Shoals:2: layout_shoals, minmay_shop_mass, serial_nicolae_subway,
          nicolae_sub_station_crystal, nicolae_sub_station_stone,
          nicolae_sub_station_metal, uniq_roxanne
Shoals:3: layout_shoals, nicolae_shoals_spring_well_temple
Shoals:4: shoals_end_simple, layout_shoals, nicolae_shoals_circle_sea_wall,
          nicolae_shoals_goliath_grotto, uniq_nikola
Spider:1: layout_chambers, nicolae_crawler_farm
Spider:2: layout_spider_delve, nicolae_spider_spiderdrome,
          nicolae_spider_cling_halls, uniq_arachne, uniq_donald, uniq_jorgrun
Spider:3: layout_chambers, hangedman_spider_tarantella_strand
Spider:4: guppyfry_spider_rune, nicolae_spider_jagged_tunnels
Slime:1:  layout_caves, cheibrodos_slime_lost_civilization_6
Slime:2:  nicolae_slime_infinislime, layout_caves
Slime:3:  layout_caves, special_room [special_room_jelly]
Slime:4:  layout_caves
Slime:5:  slime_pit_nicolae_amoeboid
Orc:1:    layout_caves, basic_altar
Orc:2:    st_orc_elflike, layout_diamond_mine, mines1_david
Vaults:1: vaults_room_fancy_cross, vaults_dpeg_emergency_exit,
          nicolae_vaults_steering_wheel, vaults_room_pools,
          vaults_mumra_minichess_inversion, nicolae_vaults_big_ls,
          grunt_vaults_focal, vaults_dpeg_diagonal, grunt_vaults_twisty,
          grunt_vaults_funnel, vaults_mumra_hex, layout_vaults_omnigrid,
          serial_shops, shop, uniq_norris
Vaults:2: grunt_vaults_trifunnel, vaults_mumra_hexcomb,
          nicolae_vaults_offset_grid_hallway_2, minmay_crypt_entry_necro_gods,
          nicolae_vaults_sightless_eye, hangedman_vaults_maws, kb_rosetta,
          vaults_standard_mumra_enter_the_diamond, dpeg_vaults_monster_box,
          nicolae_vaults_storage_room_water, nicolae_vaults_cochlea,
          nicolae_vaults_tetromino_L_1, nicolae_vaults_trapezoid_1,
          nicolae_vaults_diamond_1, layout_vaults_omnibox
Vaults:3: nicolae_vaults_tangent_ellipses, v_rooms_4,
          nicolae_vaults_closet_pinwheel_1, nicolae_vaults_trapezoid_lopsided_1,
          nicolae_vaults_what_the_h, nicolae_vaults_tangram_1,
          ontoclasm_vaults_spin, dpeg_vaults_monster_row,
          nicolae_vaults_little_squares_1, layout_vaults_maze_snakey,
          uniq_saint_roka, uniq_margery, uniq_frederick
Vaults:4: nicolae_vaults_wrenched, cheibrodos_frozen_isle, v_misc_15,
          vaults_mumra_minichess, nicolae_vaults_bisected_inception, v_rooms_3,
          grunt_vaults_hallway_long, v_rooms_5, nicolae_vaults_asterisk,
          vaults_room_stairs_pillars, hangedman_vaults_cutoff,
          hangedman_vaults_trim, vaults_room_semicircle,
          nicolae_vaults_circle_grid_a, vaults_dpeg_hooks,
          nicolae_vaults_ring_of_whatevers, layout_vaults_big_cross,
          serial_shops, shop
Crypt:1:  layout_misc_corridors, uniq_grunn
Crypt:2:  layout_misc_corridors, uniq_zenata
Crypt:3:  lightli_unholy_cathedral, layout_chaotic_city,
          nicolae_tomb_entry_unfolded_pyramid_diagonal
Depths:1: layout_roguey, hell_entry, minmay_misc_feat_tower, minivault_15,
          minmay_mirror_moons_of_madness, serial_bayou_shore_b
Depths:2: lemuel_river_lethe, hell_entry, pan_entry
Depths:3: evilmike_lava_path, layout_cave_shapes, minmay_room_of_horrors,
          grunt_decor_one_mirror, grunt_hell_entry_dis_old, kennysheep_doodads,
          bh_walls_and_bars, minmay_staircase_bubble
Depths:4: grunt_x_marks_the_spot, layout_honeycomb, enter_ziggurat_e,
          serial_shops, shop, hell_entry, minmay_misc_feat_plants, zin_treasury,
          uniq_sojobo

Skill      XL: |  1  2  3  4  5  6  7  8  9 10 11 12 13 14 15 16 17 18 19 20 21 22 23 24 |
---------------+-------------------------------------------------------------------------+-----
Polearms       | 3 4 5 6 8 9 11 14 15 16 | 16.0
Fighting       | 4 5 6 7 8 10 11 13 14 15 16 17 18 19 20 21 22 | 22.7
Invocations    | 4 6 8 10 11 12 13 14 15 16 17 18 20 | 20.4
Dodging        | 5 7 9 11 12 13 14 15 16 17 18 | 18.1
Armour         | 6 9 11 13 14 15 16 17 18 19 | 19.9
Shields        | 5 8 10 11 13 15 17 18 19 | 19.0
Throwing       | 2 7 9 10 11 12 13 14 | 14.3
Stealth        | 4 5 |  5.0

Action                     |  1- 3 |  4- 6 |  7- 9 | 10-12 | 13-15 | 16-18 | 19-21 | 22-24 || total
---------------------------+-------+-------+-------+-------+-------+-------+-------+-------++-------
  Melee: War axe           |    60 |    38 |    22 |       |       |       |       |       ||   120
         Trident           |     4 |    37 |   158 |       |       |       |       |       ||   199
         Headbutt          |     5 |    11 |    66 |    39 |   157 |   165 |   235 |   266 ||   944
         Short sword       |       |    10 |    81 |     7 |       |       |       |       ||    98
         Halberd           |       |       |    60 |   385 |   556 |       |       |       ||  1001
         Broad axe         |       |       |       |       |    15 |       |       |       ||    15
         Demon trident     |       |       |       |       |   324 |   885 |   924 |   934 ||  3067
  Throw: Dart              |       |       |       |     9 |     1 |       |       |       ||    10
         Boomerang         |       |       |       |       |       |     4 |     6 |    15 ||    25
         Javelin           |       |       |       |       |       |       |     4 |     1 ||     5
 Invoke: Dark Bargain      |       |       |       |     8 |    10 |    32 |    23 |    13 ||    86
         Recall Undead Har |       |       |       |    15 |    12 |    21 |    27 |    13 ||    88
         Bind Soul         |       |       |       |     2 |     4 |     2 |     3 |     1 ||    12
         Drain Life        |       |       |       |       |       |     4 |       |       ||     4
  Evoke: Wand              |       |       |       |    10 |       |       |     1 |     1 ||    12
         Phial of floods   |       |       |       |       |       |     1 |       |       ||     1
    Use: Potion            |     1 |     1 |     2 |     3 |       |     1 |     4 |     8 ||    20
         Scroll            |       |     7 |     6 |     9 |     9 |     6 |     2 |     5 ||    44
   Stab: Distracted        |       |       |       |       |    13 |    14 |    21 |    25 ||    73
         Paralysed         |       |       |       |       |     7 |       |       |    24 ||    31
         Fleeing           |       |       |       |       |       |       |     2 |       ||     2
         Invisible         |       |       |       |       |       |       |       |     2 ||     2
 Armour: Scale mail        |    60 |    59 |    31 |       |       |       |       |       ||   150
         Plate armour      |       |       |   257 |   216 |   480 |   451 |   263 |   344 ||  2011
  Dodge: Dodged            |    31 |    35 |    86 |   112 |   329 |   271 |   152 |   237 ||  1253
  Block: Buckler           |    16 |    15 |    61 |       |       |       |       |       ||    92
         Kite shield       |       |       |       |       |   106 |   176 |       |       ||   282
         Tower shield      |       |       |       |       |       |   375 |   541 |   777 ||  1693
         Reflection        |       |       |       |       |       |    35 |     3 |     7 ||    45

Table legend: (Time is in decaauts)
 A = Elapsed time spent in this place.
 B = Non-inter-level travel time spent in this place.
 C = Inter-level travel time spent in this place.
 D = Time resting spent in this place.
 E = Time spent auto-exploring this place.
 F = Levels seen in this place.
 G = Mean time per level.
                   A        B        C        D        E       F      G
               +--------+--------+--------+--------+--------+-----+--------+
         Total |  48671 |  44011 |   4660 |   5348 |  28318 |  48 | 1014.0 |
       Dungeon |  16572 |  14185 |   2387 |   2305 |   9187 |  15 | 1104.8 |
          Lair |   4522 |   3912 |    610 |     18 |   3168 |   5 |  904.4 |
        Shoals |   3453 |   3227 |    226 |     95 |   1641 |   4 |  863.2 |
   Spider Nest |   5395 |   5055 |    340 |    261 |   3993 |   4 | 1348.8 |
    Slime Pits |   1242 |   1183 |     59 |      2 |    748 |   5 |  248.4 |
  Orcish Mines |   1164 |   1136 |     28 |      0 |    910 |   2 |  582.0 |
        Vaults |   6389 |   5883 |    506 |    529 |   4006 |   4 | 1597.2 |
         Crypt |   2474 |   2349 |    125 |    341 |   1376 |   3 |  824.7 |
        Depths |   6198 |   5822 |    376 |   1217 |   2923 |   4 | 1549.5 |
       Ossuary |    682 |    682 |      0 |    327 |    170 |   1 |  682.0 |
        Bailey |    576 |    576 |      0 |    251 |    195 |   1 |  576.0 |
               +--------+--------+--------+--------+--------+-----+--------+

Top non-repeatable levels by time:
Vaults:4: 1923 daAuts
     D:6: 1901 daAuts
Depths:2: 1790 daAuts
    D:11: 1759 daAuts
Depths:1: 1714 daAuts
    D:12: 1692 daAuts
Spider:1: 1685 daAuts
Vaults:1: 1617 daAuts
Vaults:3: 1501 daAuts
Depths:4: 1399 daAuts
Spider:4: 1391 daAuts
Spider:3: 1349 daAuts
Vaults:2: 1346 daAuts
     D:9: 1335 daAuts
Depths:3: 1293 daAuts
